 Dungeon Crawl Stone Soup version 0.29.1-12-g30fa7ad0bf (webtiles) character file.

Game seed: 17859944211061887097

1356 GeoRichter the Slasher (level 8, -8/58 HPs)
             Began as a Demonspawn Warper on Dec 20, 2022.
             Was a Believer of Okawaru.
             Mangled by Maggie
             ... wielding a +1 long sword of distortion
              (13 damage)
             ... on level 7 of the Dungeon.
             The game lasted 00:11:26 (8632 turns).

GeoRichter the Slasher (Demonspawn Warper)          Turns: 8632, Time: 00:11:26

Health: -8/58      AC:  8    Str: 11    XL:     8   Next: 37%
Magic:  11/11      EV: 12    Int: 14    God:    Okawaru [**....]
Gold:   227        SH:  5    Dex: 16    Spells: 11/11 levels left

rFire   . . .      SeeInvis .   a - +0 scimitar
rCold   + . .      Faith    .   k - +0 buckler
rNeg    . . .      Spirit   .   w - +2 leather armour {Will+}
rPois   .          Reflect  .   (helmet restricted)
rElec   .          Harm     .   u - +0 cloak
rCorr   .          Rampage  .   y - +1 pair of gloves
Will    +....                   (no boots)
Stlth   +.........              h - amulet of the acrobat
HPRegen 0.19/turn               t - ring of protection from cold
MPRegen 0.12/turn               (no ring)

@: mighty
A: horns 2, foul stench 1, condensation shield
a: Renounce Religion, Heroism


You were on level 7 of the Dungeon.
You worshipped Okawaru.
Okawaru was pleased with you.
You visited 2 branches of the dungeon, and saw 8 of its levels.

You collected 376 gold pieces.
You spent 149 gold pieces at shops.

Inventory:

Hand Weapons
 a - a +0 scimitar (weapon)
   (You found it on level 6 of the Dungeon)
 b - a +0 falchion
Missiles
 d - 6 boomerangs of dispersal {!f}
 g - 7 boomerangs (quivered)
Armour
 k - a +0 buckler (worn)
   (You found it on level 1 of the Dungeon)
 u - a +0 cloak (worn)
   (You found it on level 3 of the Dungeon)
 w - a +2 leather armour of willpower (worn)
   (You found it on level 3 of the Dungeon)
 y - a +1 pair of gloves (worn)
   (You bought it in a shop on level 5 of the Dungeon)
Jewellery
 h - an amulet of the acrobat (around neck)
   (You found it on level 6 of the Dungeon)
 t - a ring of protection from cold (left hand)
   (You found it on level 3 of the Dungeon)
Scrolls
 c - 2 scrolls of blinking
 f - 3 scrolls of vulnerability {!r}
 m - 2 scrolls of teleportation {@r4}
 p - a scroll of fear {unknown}
 q - a scroll of butterflies
 r - 2 scrolls of amnesia {unknown}
 s - 2 scrolls of noise {!r}
 x - a scroll of torment {unknown}
 A - a scroll of magic mapping {unknown}
Potions
 e - a potion of heal wounds {unknown}
 i - 2 potions of curing {@q1}
 j - 2 potions of lignification {unknown}
 l - 2 potions of resistance
 n - 2 potions of cancellation
 o - a potion of might
 v - 2 potions of ambrosia {unknown}
 z - a potion of mutation {unknown}
 B - 2 potions of attraction {unknown}
 D - 2 potions of degeneration {unknown}


   Skills:
 + Level 3.5 Fighting
 * Level 7.2 Long Blades
 - Level 0.8 Throwing
 + Level 2.7 Armour
 + Level 3.2 Dodging
 * Level 3.7 Shields
 - Level 2.0 Spellcasting
 - Level 2.6 Translocations


You had 11 spell levels left.
You didn't know any spells.
Your spell library contained the following spells:

 Spells                   Type           Power      Damage    Failure   Level
 Blink                    Tloc           16%        N/A       21%         2
 Gell's Gravitas          Tloc           8%         N/A       38%         3
 Lesser Beckoning         Tloc           8%         N/A       38%         3
 Teleport Other           Tloc           8%         N/A       38%         3
 Sublimation of Blood     Necr           1%         N/A       52%         2
 Wereblood                Tmut           1%         N/A       52%         2
 Manifold Assault         Tloc           8%         N/A       98%         5
 Dispersal                Tloc           4%         N/A       100%        6
 Summon Hydra             Summ           Unusable   N/A       N/A         7

Dungeon Overview and Level Annotations

Branches:
Dungeon (7/15) Zot: 26647  Temple (1/1) D:4 Zot: 5682

Altars:
Ashenzari
Cheibriados
Dithmenos
Fedhas
Gozag
Hepliaklqana
Kikubaaqudgha
Makhleb
Okawaru
Qazlal
Ru
Sif Muna
Trog
Uskayaw
Vehumet
Wu Jian
Xom
Yredelemnul

Shops:
D:4 *   D:5 [

Annotations:
D:7 Maggie


Innate Abilities, Weirdness & Mutations

You have a pair of horns on your head.
You may rarely emit foul miasma when damaged in melee.
A meltable shield of frost defends you. (SH +0)


Message History

Found a stone staircase leading up.
Maggie the Vainglorious comes into view.
She is wielding a +1 long sword of distortion.
Maggie shouts!
Maggie says, "Leave now, and tell all of Margery's mercy!"
You aren't carrying any items that you can evoke.
You don't know any spells.
Unknown command.
There is a stone staircase leading up here.
Maggie gestures wildly while chanting.
Maggie attempts to bespell you! You resist with almost no effort.
You throw a boomerang.
The boomerang hits Maggie but does no damage.
Maggie casts a spell.
Maggie attempts to bespell you!
You are mesmerised by Maggie!
You throw a boomerang.
The boomerang hits Maggie but does no damage.
You throw a boomerang.
The boomerang hits Maggie but does no damage.
You throw a boomerang. The boomerang closely misses Maggie.
Maggie casts a spell at you. The bolt of fire hits you!
Your condensation shield dissipates!
You throw a boomerang.
The boomerang hits Maggie but does no damage.
You aren't carrying any items that you can evoke.
Unknown command.
Throw: 7 boomerangs (disperse) {!f}
Aim: Maggie, wielding a +1 long sword of distortion and wearing +0 swamp dragon scales (mesmerising, 64% to hit)
You throw a boomerang of dispersal {!f}.
The boomerang of dispersal {!f} hits Maggie but does no damage.
You feel very mighty all of a sudden. Maggie gestures at you while chanting.
The bolt of fire hits you!
You hit Maggie. Maggie closely misses you.
You hit Maggie. You headbutt Maggie! Maggie barely misses you.
You slash Maggie! Maggie gestures at you while chanting.
The bolt of fire hits you!!
* * * LOW HITPOINT WARNING * * *
Unknown command.
You closely miss Maggie. Maggie closely misses you.
You slash Maggie! Your headbutt misses Maggie. Maggie completely misses you.
You hit Maggie. You headbutt Maggie, but do no damage. Maggie misses you.
You barely miss Maggie. You headbutt Maggie.
You break out of your daze.
Maggie hits you with a +1 long sword of distortion!
* * * LOW HITPOINT WARNING * * *
Space warps horribly around you!
You die...

#.....#.........#
#.....#.#.#######
#.....#.#.# #.....#.#.#
#.....#.#.#
#.....#.#'########
#.....#..........#
#.....)........).#
#.....##.@.......#
##.#'###.@.......# #.#.#
#.........# ##### #.#.#
#.........# ...@. ..#.#
#.........# #####.#
#.........# ###
#.@...###.........#
###.###.##<.............#
..#.....#######.........#


You could see Maggie.

Vanquished Creatures
  Eustachio (D:6)
  Menkaure (D:5)
  A black bear (D:6)
  An ogre (D:6)
  2 phantoms
  Blork the orc (D:6)
  A scorpion (D:6)
  A howler monkey (D:4)
  3 hounds (D:5)
  A jelly (D:5)
  3 orc priests
  2 iguanas (D:5)
  5 orc wizards
  7 adders
  2 shadow imps
  A white imp (D:6)
  An ufetubus (D:7)
  2 worms
  2 dart slugs
  23 orcs
  8 ball pythons
  3 endoplasms
  3 giant cockroaches
  12 hobgoblins
  3 jackals (D:1)
  11 kobolds
  6 quokkas
  7 bats
  3 frilled lizards
  8 goblins
  4 rats
129 creatures vanquished.

Vanquished Creatures (others)
  A plant (D:4)
1 creature vanquished.

Grand Total: 130 creatures vanquished

Notes
Turn   | Place    | Note
-------+----------+-------------------------------------------
     0 | D:1      | GeoRichter the Demonspawn Warper began the quest for the
                  | Orb.
     0 | D:1      | Reached XP level 1. HP: 16/16 MP: 3/3
    76 | D:1      | Reached skill level 2 in Long Blades
   248 | D:1      | Gained mutation: You may rarely emit foul miasma when
                  | damaged in melee. [demonic ancestry]
   248 | D:1      | Reached XP level 2. HP: 22/22 MP: 5/5
   891 | D:1      | Reached skill level 3 in Long Blades
  1419 | D:2      | Reached XP level 3. HP: 27/27 MP: 6/6
  2149 | D:2      | Found a faded altar of an unknown god.
  2353 | D:3      | Reached XP level 4. HP: 32/33 MP: 7/7
  2385 | D:3      | Reached skill level 4 in Long Blades
  3212 | D:3      | Reached XP level 5. HP: 30/38 MP: 8/8
  3871 | D:4      | Reached skill level 5 in Long Blades
  3905 | D:4      | Found a staircase to the Ecumenical Temple.
  3921 | Temple   | Entered the Ecumenical Temple
  4224 | Temple   | Became a worshipper of Warmaster Okawaru
  4924 | D:3      | Gained mutation: A meltable shield of frost defends you.
                  | (SH +0) [demonic ancestry]
  4924 | D:3      | Reached XP level 6. HP: 10/44 MP: 9/9
  5316 | D:4      | Reached skill level 6 in Long Blades
  5405 | D:4      | Found Waledghin's Gadget Gallery.
  5683 | D:4      | Reached skill level 1 in Armour
  6049 | D:5      | Entered Level 5 of the Dungeon
  6130 | D:5      | Reached * piety under Okawaru
  6131 | D:5      | Reached skill level 1 in Shields
  6410 | D:5      | Gained mutation: You have a pair of small horns on your
                  | head. [demonic ancestry]
  6410 | D:5      | Reached XP level 7. HP: 51/51 MP: 10/10
  6457 | D:5      | Found Veemesuavy's Armour Shop.
  6457 | D:5      | Noticed Menkaure
  6467 | D:5      | Killed Menkaure
  6673 | D:5      | Bought a +1 pair of gloves for 149 gold pieces
  7196 | D:6      | Noticed Eustachio
  7647 | D:6      | Gained mutation: You have a pair of horns on your head.
                  | [demonic ancestry]
  7647 | D:6      | Reached XP level 8. HP: 43/58 MP: 11/11
  7840 | D:5      | Reached ** piety under Okawaru
  7975 | D:6      | Noticed Blork the orc
  7990 | D:6      | Killed Blork the orc
  7991 | D:6      | Reached skill level 7 in Long Blades
  8035 | D:6      | Killed Eustachio
  8590 | D:7      | Noticed Maggie
  8632 | D:7      | Mangled by Maggie

Illustrated notes

Levels and vault maps discovered:
D:1:      lightli_arrival_boilingwater, layout_loops_ring, minmay_crystal_room
D:2:      layout_rooms, hellmonk_ecumenical_altar_run_dry
D:3:      cheibrodos_greedy_goblins, layout_loops_cross
D:4:      layout_cave_pods, minmay_temple_entry_arrows, eino_tiny_chamber,
          serial_bayou_pond_d, nicolae_shop_gadgets
D:5:      layout_basic, serial_shops, nicolae_shop_hallway_plus, uniq_menkaure
D:6:      layout_rooms, uniq_blork_the_orc, uniq_eustachio
D:7:      layout_basic, minivault_26, uniq_pikel, uniq_maggie,
          uniq_crazy_yiuf_cottage
Temple:   regret_index_temple_sigil_plot

Skill      XL: |  1  2  3  4  5  6  7  8 |
---------------+-------------------------+-----
Long Blades    | 2 3 4 5 6 7 |  7.2
Armour         | 1 2 |  2.7
Dodging        | 2 3 |  3.2
Shields        | 1 3 |  3.7
Fighting       | 3 |  3.5
Throwing       | |  0.8
Spellcasting   | |  2.0
Translocations | |  2.6

Action                   |  1- 3 |  4- 6 |  7- 9 || total
-------------------------+-------+-------+-------++-------
Melee: Falchion          |   129 |   277 |    64 ||   470
       Headbutt          |       |       |    26 ||    26
       Scimitar          |       |       |    40 ||    40
Throw: Boomerang         |       |       |     9 ||     9
  Use: Scroll            |       |     1 |     7 ||     8
       Potion            |       |       |     1 ||     1
 Stab: Sleeping          |     1 |       |       ||     1
Armor: Ring mail         |    44 |    22 |       ||    66
       Leather armour    |       |    74 |    24 ||    98
Dodge: Dodged            |    56 |   122 |    38 ||   216
Block: Buckler           |    14 |    49 |    36 ||    99
